 Dungeon Crawl Stone Soup version 0.31.0-11-ge490571c62 (webtiles) character file.

Game seed: 7028223849429425648

82735 qw the Acrobat (level 15, -8/77 HPs)
             Began as a Spriggan Hunter on Feb 4, 2024.
             Was the Champion of Okawaru.
             Killed by mirror damage (11 damage)
             ... on level 13 of the Dungeon.
             The game lasted 00:26:05 (22269 turns).

qw the Acrobat (Spriggan Hunter)                   Turns: 22269, Time: 00:26:05

Health: -8/77      AC:  5    Str: 15    XL:     15   Next: 2%
Magic:  23/23      EV: 50    Int: 11    God:    Okawaru [******]
Gold:   1270       SH:  0    Dex: 33    Spells: 14/14 levels left

rFire   + + .        t - +7 orcbow of Arrival {elec, Will- Str+4 Dex+2}
rCold   + . .        (shield currently unavailable)
rNeg    . . .        F - +0 troll leather armour
rPois   +            H - +0 hat of Patience {-Cast rPois Str+4}
rElec   .            A - +1 cloak "Raublox" {rF+ Dex+5}
rCorr   .            (gloves unavailable)
SInv    +            (boots unavailable)
Will    +....        y - amulet of faith
Stlth   +++          Y - ring of protection from cold
HPRegen 1.12/turn    g - ring of protection from fire
MPRegen 0.18/turn

%: no spellcasting, faith
@: very quick
A: very small, no large weapons, unfitting armour, see invisible, speed 3
a: Renounce Religion, Heroism, Finesse, Duel


You were on level 13 of the Dungeon.
You worshipped Okawaru.
Okawaru was exalted by your worship.
You visited 3 branches of the dungeon, and saw 19 of its levels.
You also visited: Sewer, Ossuary and Gauntlet.

You collected 1508 gold pieces.
You spent 238 gold pieces at shops.


Innate Abilities, Weirdness & Mutations

You are very small and have problems with some larger weapons.
You are too small for most types of armour.
You have supernaturally acute eyesight. (SInv)
You cover ground extremely quickly. (Speed+++)


   Skills:
 + Level 8.2 Fighting
 - Level 16.0 Ranged Weapons
 - Level 1.1 Armour
 - Level 22.0 Dodging
 - Level 1.5 Stealth
 - Level 10.0 Invocations


You had 14 spell levels left.
You didn't know any spells.
Your spell library was empty.

Inventory:

Hand Weapons
 t - the +7 orcbow of Arrival (weapon) {elec, Will- Str+4 Dex+2}
   (Okawaru gifted it to you on level 2 of the Lair of Beasts)

   Str+4:     It affects your strength (+4).
   Dex+2:     It affects your dexterity (+2).
   Will-:     It decreases your willpower.
Armour
 p - a +2 robe of fire resistance
 s - the +0 robe of Ubiquitous Life {rPois rN++ Int-2}
   (You acquired it in a Gauntlet)

   Int-2:     It affects your intelligence (-2).
   rPois:     It protects you from poison rN++: It greatly protects you from
   negative energy.
 A - the +1 cloak "Raublox" (worn) {rF+ Dex+5}
   (You found it in a Gauntlet)

   Dex+5:     It affects your dexterity (+5).
   rF+:       It protects you from fire.
 F - a +0 troll leather armour (worn)
 H - the +0 hat of Patience (worn) {-Cast rPois Str+4}
   (You acquired it on level 11 of the Dungeon)

   Str+4:     It affects your strength (+4).
   rPois:     It protects you from poison -Cast: It prevents spellcasting.
Jewellery
 c - the amulet "Offegam" {rN+ Regen+}
   (You found it in a Gauntlet)

   [amulet of regeneration]

   rN+:       It protects you from negative energy.
   Regen+:    It increases your rate of health regeneration.
 g - a ring of protection from fire (right hand)
 q - a +6 ring of strength
 v - a ring of protection from cold
 w - a ring of positive energy
 x - a ring of resist corrosion
 y - an amulet of faith (around neck)
 Y - a ring of protection from cold (left hand)
Wands
 i - a wand of mindburst (16)
 l - a wand of digging (6)
 n - a wand of roots (19)
 r - a wand of paralysis (21)
 u - a wand of polymorph (18)
 z - a wand of light (1)
Scrolls
 C - 2 scrolls of brand weapon
Potions
 a - 3 potions of enlightenment
 b - a potion of cancellation
 d - 2 potions of mutation
 e - 6 potions of might
 f - 5 potions of curing
 k - 2 potions of resistance
 o - 2 potions of magic
 B - a potion of haste

Dungeon Overview and Level Annotations

Branches:
Dungeon (13/15)            Temple (1/1) D:5            Lair (5/5) D:9
 Shoals (0/4) Lair:2        Snake (0/4) Lair:2        Slime (0/5) Lair:5
    Orc (0/2) D:11          Sewer (visited)         Ossuary (visited)
Gauntlet (visited)
 Vaults: D:13-14

Altars:
Ashenzari
Cheibriados
Dithmenos
Elyvilon
Fedhas
Gozag
Hepliaklqana
Kikubaaqudgha
Makhleb
Nemelex Xobeh
Okawaru
Qazlal
Ru
Sif Muna
Trog
Uskayaw
Vehumet
Wu Jian
Xom
Yredelemnul
Zin
The Shining One

Shops:
D:4 [**   D:6 [

Annotations:
D:9 3 runed translucent doors, exclusion: hound, qw's ghost, novice DEHu
D:13 exclusions: death knight and 6 tormentors
Lair:5 4 runed translucent doors, qw's ghost, journeyman DEHu; qw's ghost, journeyman DjHu; qw's ghost, journeyman SpHu


Message History

Your body is wracked with pain!
You start resting.
The tormentor calls on the powers of darkness!
Your body is wracked with pain!
You start resting.
A death knight comes into view. It is wielding a +0 battleaxe.
Enter note:
Enter note:
Enter note:
Enter note: You shoot an arrow.
The arrow closely misses the death knight.
You shoot an arrow.
The arrow barely misses the death knight.
You shoot an arrow. The arrow hits the death knight.
The death knight is lightly wounded.
The death knight misses you.
You shoot an arrow. The arrow hits the death knight.
The death knight is lightly wounded.
The death knight offers itself to Yredelemnul, and fills with unholy energy.
You shoot an arrow. The arrow hits the death knight!
The death knight is moderately wounded.
The death knight reflects your damage back at you!
You shoot an arrow. The arrow hits the death knight!
Lightning courses through the death knight!
The death knight is heavily wounded.
The death knight reflects your damage back at you!
The death knight closely misses you.
You shoot an arrow. The arrow hits the death knight!
The death knight is heavily wounded.
The death knight reflects your damage back at you!
The death knight closely misses you.
You shoot an arrow.
The arrow hits the death knight but does no damage.
The death knight is heavily wounded.
The death knight closely misses you.
You shoot an arrow. The arrow hits the death knight!
The death knight is almost dead.
The death knight reflects your damage back at you!
You die...

.....###### #..........^....
.....# #####.##.##.#.## #....#
#........... #....####
##...##?#.##
####....###############..........
##.................#.#.##.....
#.....)........##.#..........
##............###.#.####.....
#..........@p##..#..........
#.....=...###....#.####...##
#....)?######....#...)....##
#....(##..2##....#..........
#....=#}...#)....#....>.....
#....?#!.)!#?....#$.....####
#....##.)?##.....#......#
#####......#......#
#.........#(.....####


You could see a death knight (reflects damage).

Vanquished Creatures
  Rupert (D:12)
  A dire elephant (Lair:5)
  A minotaur (Gauntlet)
  A catoblepas (Lair:3)
  2 centaur warriors (D:13)
  2 hydras
  5 death knights (D:13)
  2 two-headed ogres
  A tengu warrior (D:13)
  2 boulder beetles
  6 death yaks
  A thrashing horror (Gauntlet)
  3 skysharks (Lair:3)
  Amaemon (D:10)
  2 skeletal warriors (D:13)
  Pikel (D:9)
  A lindwurm (Lair:5)
  2 ugly things
  2 cyclopes
  A wolf spider (Lair:5)
  An oklob plant (Lair:2)
  3 elephants (Lair:2)
  3 manticores
  A torpor snail (Lair:5)
  10 black mambas
  A guardian serpent (Lair:5)
  An orange demon (D:10)
  2 gargoyles
  Maggie (D:6)
  4 rime drakes
  13 komodo dragons
  20 cane toads
  A freezing wraith (D:13)
  3 kobold demonologists
  2 tengu conjurers
  A troll (shapeshifter) (D:13)
  7 trolls
  A queen bee (Gauntlet)
  4 hornets
  2 polar bears (Lair:4)
  3 merfolk (Lair:2)
  15 blink frogs
  4 dream sheep (Lair:5)
  3 slime creatures (D:13)
  Sigmund (D:5)
  2 shadows
  6 wraiths
  3 small abominations (Gauntlet)
  13 wyverns
  4 basilisks
  66 yaks
  2 steam dragons
  2 redbacks (Lair:5)
  11 vampire mosquitoes
  A naga (Lair:2)
  20 water moccasins
  3 swamp worms (Lair:5)
  3 black bears
  An ice beast (D:7)
  2 orc warriors
  3 sky beasts
  An ogre (D:5)
  3 laughing skulls (Gauntlet)
  13 wolves
  8 centaurs
  2 lemures (D:9)
  A weeping skull (Gauntlet)
  7 kobold brigands
  An elf zombie (Ossuary)
  13 bullfrogs
  A gnoll sergeant (D:8)
  A scorpion (D:5)
  4 wights
  23 killer bees
  4 electric eels
  6 howler monkeys
  A jelly (D:7)
  9 hounds
  3 bombardier beetles
  4 orc priests
  A sleepcap (D:4)
  An iguana (D:5)
  8 orc wizards
  A hell rat (Lair:2)
  A hound zombie (Ossuary)
  4 mummies (Ossuary)
  7 adders
  8 gnolls
  6 river rats (Sewer)
  2 shadow imps (D:6)
  A white imp (D:7)
  3 ribbon worms
  3 dart slugs
  29 orcs
  20 ball pythons
  3 endoplasms
  4 giant cockroaches
  2 gnoll zombies (Ossuary)
  4 goblins
  4 hobgoblins
  8 quokkas
  6 bats
  2 frilled lizards (D:1)
  2 goblin zombies (Ossuary)
  A jackal zombie (Ossuary)
  40 kobolds
  A kobold zombie (Ossuary)
  3 orc zombies (Ossuary)
  26 rats
  A rat zombie (Ossuary)
594 creatures vanquished.

Notes
Turn   | Place    | Note
-------+----------+-------------------------------------------
     0 | D:1      | qw the Spriggan Hunter began the quest for the Orb.
     0 | D:1      | Reached XP level 1. HP: 10/10 MP: 2/2
     0 | D:1      | 0 ||| qw: Version: 0.3-a-160-g6735b56
     0 | D:1      | 0 ||| qw: Game counter: 6058
     0 | D:1      | 0 ||| qw: Melee chars always use a shield: true
     0 | D:1      | 0 ||| qw: God list: Okawaru
     0 | D:1      | 0 ||| qw: Allow faded altars: false
     0 | D:1      | 0 ||| qw: Do Orc after clearing Dungeon:15 true
     0 | D:1      | 0 ||| qw: Do second Lair branch before Depths: true
     0 | D:1      | 0 ||| qw: Lair rune preference: random
     0 | D:1      | 0 ||| qw: Goals: Normal
     0 | D:1      | 0 ||| PLANNING D:1-11
   102 | D:1      | Reached skill level 3 in Dodging
   251 | D:1      | Reached XP level 2. HP: 14/14 MP: 3/3
   421 | D:1      | Reached skill level 4 in Dodging
   890 | D:1      | 890 ||| READING 2 scrolls labelled BAOQIREEPT.
   890 | D:1      | 890 ||| IDENTIFYING fuming dark potion
   891 | D:1      | 891 ||| READING scroll of identify.
   891 | D:1      | 891 ||| IDENTIFYING green potion
   892 | D:1      | 892 ||| READING scroll labelled VANIME DUEPPE.
   892 | D:1      | 892 ||| BRANDING +0 shortbow.
   893 | D:1      | 893 ||| READING scroll labelled MOVUAL QIOKK.
   994 | D:1      | 994 ||| READING scroll labelled COPIABL FASTRU.
   998 | D:1      | 998 ||| DROPPING scroll of butterflies.
   999 | D:1      | 999 ||| DROPPING potion of brilliance.
  1357 | D:2      | Reached XP level 3. HP: 12/18 MP: 4/4
  1583 | D:2      | 1583 ||| READING 2 scrolls of identify.
  1583 | D:2      | 1583 ||| IDENTIFYING fizzy coppery potion
  1584 | D:2      | 1584 ||| READING scroll of identify.
  1584 | D:2      | 1584 ||| IDENTIFYING cyan potion
  1585 | D:2      | 1585 ||| READING scroll labelled JEGIAR MAHAJER.
  1586 | D:2      | 1586 ||| READING scroll labelled POJARI KIODWAG.
  1587 | D:2      | 1587 ||| DROPPING potion of degeneration.
  1589 | D:2      | 1589 ||| Stepping ~*~*~tactically~*~*~ (cloud).
  1597 | D:2      | HP: 4/18 [poisoned by you (poison gas)]
  2068 | D:3      | Reached XP level 4. HP: 22/22 MP: 5/5
  2229 | D:3      | Found a shimmering blue altar of Sif Muna.
  2299 | D:3      | 2299 ||| READING scroll of identify.
  2299 | D:3      | 2299 ||| IDENTIFYING scroll labelled VEITSU BABANO
  2300 | D:3      | 2300 ||| READING scroll labelled TAYNAECS HEVO.
  2301 | D:3      | 2301 ||| DROPPING scroll of noise.
  2325 | D:4      | 2325 ||| PLANNING OSSUARY
  2327 | D:4      | Found Cudo Xeo's General Store.
  2336 | D:4      | 2336 ||| SHOPLISTING +6 ring of strength (504 gold, have
                  | 190).
  2336 | D:4      | 2336 ||| BUYING potion of cancellation (112 gold).
  2336 | D:4      | Bought a potion of cancellation for 112 gold pieces
  2352 | D:4      | Reached skill level 5 in Dodging
  2352 | D:4      | Reached XP level 5. HP: 12/25 MP: 6/6
  2504 | D:4      | Noticed an animated gold dragon scales
  2506 | D:4      | Found Sairytefe's Armour Shop.
  2507 | D:4      | Noticed an animated plate armour
  2516 | D:4      | 2516 ||| SHOPLISTING +2 robe of resistance (490 gold, have
                  | 101).
  2545 | D:4      | Found a sand-covered staircase.
  2554 | Ossuary  | Entered an ossuary
  2583 | Ossuary  | Reached skill level 6 in Ranged Weapons
  2701 | Ossuary  | Reached XP level 6. HP: 30/30 MP: 7/7
  2755 | Ossuary  | Identified the +1 robe "Rubosyr" {Regen+}
  2795 | Ossuary  | 2795 ||| UPGRADING to +1 robe "Rubosyr" {Regen+}.
  2805 | Ossuary  | 2805 ||| DROPPING +0 robe.
  2806 | Ossuary  | 2806 ||| READING 4 scrolls of identify.
  2806 | Ossuary  | 2806 ||| IDENTIFYING pink potion
  2807 | Ossuary  | 2807 ||| READING 3 scrolls of identify.
  2807 | Ossuary  | 2807 ||| IDENTIFYING 2 glowing white potions
  2808 | Ossuary  | 2808 ||| DROPPING 2 potions of berserk rage.
  2820 | D:4      | 2820 ||| PLANNING D:1-11
  2840 | D:4      | 2840 ||| READING scroll of brand weapon.
  2840 | D:4      | 2840 ||| BRANDING +0 shortbow of flaming.
  2898 | D:4      | Reached skill level 6 in Dodging
  3025 | D:4      | Found Weq Gus's Assorted Antiques.
  3032 | D:4      | 3032 ||| BUYING brass wand (72 gold).
  3032 | D:4      | Bought a brass wand for 72 gold pieces
  3032 | D:4      | 3032 ||| BUYING scroll labelled TYEMITHR KYNG (18 gold).
  3032 | D:4      | Bought a scroll labelled TYEMITHR KYNG for 18 gold pieces
  3032 | D:4      | 3032 ||| SHOPLISTING scroll of brand weapon (171 gold, have
                  | 91).
  3032 | D:4      | 3032 ||| BUYING scroll of identify (36 gold).
  3032 | D:4      | Bought a scroll of identify for 36 gold pieces
  3086 | D:4      | 3086 ||| READING 3 scrolls of identify.
  3086 | D:4      | 3086 ||| IDENTIFYING scroll labelled JETHERAOHA
  3087 | D:4      | 3087 ||| READING 2 scrolls of identify.
  3087 | D:4      | 3087 ||| IDENTIFYING scroll labelled VUDYIB PIORUCS
  3088 | D:4      | 3088 ||| READING scroll of identify.
  3088 | D:4      | 3088 ||| IDENTIFYING scroll labelled TYEMITHR KYNG
  3089 | D:4      | 3089 ||| DROPPING scroll of immolation.
  3090 | D:4      | 3090 ||| DROPPING scroll of fog.
  3091 | D:4      | 3091 ||| DROPPING scroll of amnesia.
  3127 | D:5      | Entered Level 5 of the Dungeon
  3128 | D:5      | 3128 ||| PLANNING SEWER
  3171 | D:5      | Identified the +5 falchion of Rotation {speed, rElec rN+++
                  | Str+4 Dex-2}
  3259 | D:5      | Reached XP level 7. HP: 35/35 MP: 8/8
  3282 | D:5      | Found a staircase to the Ecumenical Temple.
  3302 | D:5      | Found a glowing drain.
  3303 | D:5      | 3303 ||| UPGRADING to scarf of repulsion.
  3308 | D:5      | 3308 ||| UPGRADING to ring of protection from cold.
  3332 | Sewer    | Entered a sewer
  3484 | Sewer    | Reached skill level 7 in Dodging
  3617 | Sewer    | 3617 ||| READING 2 scrolls of identify.
  3617 | Sewer    | 3617 ||| IDENTIFYING bubbling green potion
  3618 | Sewer    | 3618 ||| READING scroll of identify.
  3618 | Sewer    | 3618 ||| IDENTIFYING 2 smoky blue potions
  3619 | Sewer    | 3619 ||| DROPPING potion of invisibility.
  3681 | D:5      | 3681 ||| PLANNING TEMPLE
  3693 | Temple   | Entered the Ecumenical Temple
  3694 | Temple   | 3694 ||| PLANNING OKAWARU WORSHIP
  3710 | Temple   | Became a worshipper of Warmaster Okawaru
  3711 | Temple   | 3711 ||| PLANNING D:1-11
  3947 | D:5      | Noticed Sigmund
  3948 | D:5      | 3948 ||| ZAPPING wand of mindburst (13) at 2,1 (Sigmund;
                  | floor).
  3949 | D:5      | 3949 ||| ZAPPING wand of mindburst (12) at 2,1 (Sigmund;
                  | floor).
  3949 | D:5      | Killed Sigmund
  3959 | D:5      | Reached XP level 8. HP: 39/39 MP: 9/9
  4022 | D:6      | 4022 ||| RETREEEEATING.
  4048 | D:6      | Reached skill level 8 in Dodging
  4085 | D:6      | Reached * piety under Okawaru
  4140 | D:6      | Found Voami's Antique Armour Shop.
  4277 | D:6      | Reached skill level 1 in Invocations
  4423 | D:6      | Reached skill level 3 in Fighting
  4440 | D:6      | Found an ornate altar of the Wu Jian Council.
  4485 | D:6      | Found a burning altar of Makhleb.
  4553 | D:6      | Noticed Maggie
  4554 | D:6      | 4554 ||| RETREEEEATING.
  4561 | D:6      | 4561 ||| INVOKING Heroism.
  4587 | D:6      | Killed Maggie
  4588 | D:6      | Reached skill level 9 in Ranged Weapons
  4588 | D:6      | Reached skill level 3 in Invocations
  4863 | D:6      | 4863 ||| DROPPING ring of wizardry.
  4864 | D:6      | 4864 ||| READING scroll of identify.
  4864 | D:6      | 4864 ||| IDENTIFYING 2 yellow potions
  4901 | D:7      | Reached XP level 9. HP: 44/44 MP: 13/13
  4928 | D:7      | Reached skill level 9 in Dodging
  5070 | D:7      | Reached ** piety under Okawaru
  5425 | D:8      | Found the +5 woodcutter's axe
  5459 | D:8      | Reached skill level 10 in Dodging
  5558 | D:8      | 5558 ||| INVOKING Heroism.
  5609 | D:8      | 5609 ||| RETREEEEATING.
  5647 | D:8      | 5647 ||| RETREEEEATING.
  5679 | D:8      | Reached *** piety under Okawaru
  5682 | D:8      | Reached skill level 11 in Dodging
  5782 | D:8      | Reached XP level 10. HP: 49/49 MP: 14/14
  5903 | D:8      | Reached **** piety under Okawaru
  6204 | D:8      | 6204 ||| READING scroll of identify.
  6204 | D:8      | 6204 ||| IDENTIFYING scroll labelled UXAETER OCOETS
  6205 | D:8      | 6205 ||| DROPPING scroll of revelation.
  6269 | D:9      | HP: 7/49 [vampire mosquito (9)]
  6270 | D:9      | 6270 ||| READING 5 scrolls of teleportation.
  6271 | D:9      | 6271 ||| DRINKING 4 potions of heal wounds.
  6311 | D:9      | 6311 ||| RETREEEEATING.
  6312 | D:9      | 6312 ||| RETREEEEATING.
  6315 | D:9      | 6315 ||| RETREEEEATING.
  6320 | D:9      | 6320 ||| RETREEEEATING.
  6322 | D:9      | Noticed an orange demon
  6322 | D:9      | 6322 ||| INVOKING Finesse.
  6414 | D:9      | 6414 ||| RETREEEEATING.
  6419 | D:9      | Noticed Pikel
  6430 | D:9      | 6430 ||| RETREEEEATING.
  6431 | D:9      | 6431 ||| INVOKING Finesse.
  6432 | D:9      | 6432 ||| RETREEEEATING.
  6435 | D:9      | 6435 ||| RETREEEEATING.
  6436 | D:9      | 6436 ||| RETREEEEATING.
  6437 | D:9      | 6437 ||| RETREEEEATING.
  6438 | D:9      | 6438 ||| RETREEEEATING.
  6442 | D:9      | 6442 ||| RETREEEEATING.
  6443 | D:9      | 6443 ||| RETREEEEATING.
  6444 | D:9      | 6444 ||| RETREEEEATING.
  6446 | D:9      | 6446 ||| RETREEEEATING.
  6447 | D:9      | 6447 ||| RETREEEEATING.
  6448 | D:9      | 6448 ||| RETREEEEATING.
  6449 | D:9      | 6449 ||| RETREEEEATING.
  6455 | D:9      | Reached skill level 12 in Dodging
  6480 | D:9      | Killed Pikel
  6486 | D:9      | Reached skill level 6 in Invocations
  6498 | D:9      | HP: 9/49 [killer bee (6)]
  6499 | D:9      | 6499 ||| READING 4 scrolls of teleportation.
  6500 | D:9      | 6500 ||| DRINKING 3 potions of heal wounds.
  6606 | D:9      | Found a staircase to the Lair.
  6705 | D:9      | Found a runed translucent gate.
  6706 | D:9      | Found a runed translucent gate.
  6706 | D:9      | Found a runed translucent gate.
  6706 | D:9      | Noticed a spectral centaur warrior
  6707 | D:9      | Noticed a spectral centaur warrior
  6710 | D:9      | Noticed a spectral centaur warrior
  6710 | D:9      | Noticed qw's ghost (novice DEHu)
  6794 | D:9      | Noticed a two-headed ogre
  6795 | D:9      | 6795 ||| INVOKING Finesse.
  6805 | D:9      | Killed a two-headed ogre
  6806 | D:9      | Reached skill level 12 in Ranged Weapons
  7151 | D:9      | 7151 ||| DROPPING +1 robe of fire resistance.
  7242 | D:8      | 7242 ||| PLANNING LAIR
  7335 | Lair:1   | Entered Level 1 of the Lair of Beasts
  7357 | Lair:1   | 7357 ||| RETREEEEATING.
  7361 | Lair:1   | 7361 ||| RETREEEEATING.
  7363 | Lair:1   | 7363 ||| RETREEEEATING.
  7366 | Lair:1   | 7366 ||| RETREEEEATING.
  7374 | Lair:1   | 7374 ||| RETREEEEATING.
  7375 | Lair:1   | 7375 ||| RETREEEEATING.
  7376 | Lair:1   | 7376 ||| RETREEEEATING.
  7392 | Lair:1   | Reached XP level 11. HP: 53/53 MP: 17/17
  7401 | Lair:1   | Reached ***** piety under Okawaru
  7496 | Lair:1   | 7496 ||| RETREEEEATING.
  7499 | Lair:1   | 7499 ||| RETREEEEATING.
  7501 | Lair:1   | 7501 ||| RETREEEEATING.
  7502 | Lair:1   | 7502 ||| RETREEEEATING.
  7504 | Lair:1   | 7504 ||| RETREEEEATING.
  7505 | Lair:1   | 7505 ||| RETREEEEATING.
  7509 | Lair:1   | 7509 ||| RETREEEEATING.
  7511 | Lair:1   | 7511 ||| RETREEEEATING.
  7513 | Lair:1   | 7513 ||| RETREEEEATING.
  7517 | Lair:1   | 7517 ||| RETREEEEATING.
  7520 | Lair:1   | 7520 ||| RETREEEEATING.
  7545 | Lair:1   | 7545 ||| RETREEEEATING.
  7546 | Lair:1   | 7546 ||| RETREEEEATING.
  7547 | Lair:1   | 7547 ||| RETREEEEATING.
  7564 | Lair:1   | 7564 ||| RETREEEEATING.
  7565 | Lair:1   | 7565 ||| RETREEEEATING.
  7566 | Lair:1   | 7566 ||| RETREEEEATING.
  7567 | Lair:1   | 7567 ||| RETREEEEATING.
  7568 | Lair:1   | 7568 ||| RETREEEEATING.
  7569 | Lair:1   | 7569 ||| RETREEEEATING.
  7582 | Lair:1   | Reached skill level 13 in Dodging
  7686 | Lair:1   | 7686 ||| RETREEEEATING.
  7698 | Lair:1   | 7698 ||| RETREEEEATING.
  7699 | Lair:1   | 7699 ||| RETREEEEATING.
  7701 | Lair:1   | 7701 ||| RETREEEEATING.
  7750 | Lair:1   | Received a gift from Okawaru
  7775 | Lair:1   | Reached skill level 9 in Invocations
  7846 | Lair:1   | 7846 ||| RETREEEEATING.
  7847 | Lair:1   | 7847 ||| RETREEEEATING.
  7848 | Lair:1   | 7848 ||| RETREEEEATING.
  7849 | Lair:1   | 7849 ||| RETREEEEATING.
  7850 | Lair:1   | 7850 ||| RETREEEEATING.
  7851 | Lair:1   | 7851 ||| RETREEEEATING.
  7852 | Lair:1   | 7852 ||| RETREEEEATING.
  7853 | Lair:1   | 7853 ||| RETREEEEATING.
  7854 | Lair:1   | 7854 ||| RETREEEEATING.
  7855 | Lair:1   | 7855 ||| RETREEEEATING.
  7856 | Lair:1   | 7856 ||| RETREEEEATING.
  7857 | Lair:1   | 7857 ||| RETREEEEATING.
  7858 | Lair:1   | 7858 ||| RETREEEEATING.
  7859 | Lair:1   | 7859 ||| RETREEEEATING.
  7860 | Lair:1   | 7860 ||| RETREEEEATING.
  7861 | Lair:1   | 7861 ||| RETREEEEATING.
  7862 | Lair:1   | 7862 ||| RETREEEEATING.
  7863 | Lair:1   | 7863 ||| RETREEEEATING.
  7864 | Lair:1   | 7864 ||| RETREEEEATING.
  7865 | Lair:1   | 7865 ||| RETREEEEATING.
  7866 | Lair:1   | 7866 ||| RETREEEEATING.
  7869 | Lair:1   | 7869 ||| RETREEEEATING.
  7870 | Lair:1   | 7870 ||| RETREEEEATING.
  8378 | Lair:2   | 8378 ||| RETREEEEATING.
  8381 | Lair:2   | 8381 ||| RETREEEEATING.
  8384 | Lair:2   | 8384 ||| RETREEEEATING.
  8491 | Lair:2   | Received a gift from Okawaru
  8668 | Lair:2   | Reached ****** piety under Okawaru
  8669 | Lair:2   | 8669 ||| INVOKING Receive Weapon.
  8669 | Lair:2   | 8669 ||| ACQUIRING +7 orcbow of Arrival {elec, Will- Str+4
                  | Dex+2}
  8669 | Lair:2   | Acquired the +7 orcbow of Arrival {elec, Will- Str+4 Dex+2}
  8669 | Lair:2   | Received a gift from Okawaru
  8670 | Lair:2   | 8670 ||| INVOKING Receive Armour.
  8670 | Lair:2   | 8670 ||| ACQUIRING +0 cloak of poison resistance
  8670 | Lair:2   | Acquired a +0 cloak of poison resistance
  8670 | Lair:2   | Received a gift from Okawaru
  8672 | Lair:2   | 8672 ||| SWAPPING to +7 orcbow of Arrival {elec, Will-
                  | Str+4 Dex+2}.
  8673 | Lair:2   | 8673 ||| DROPPING +0 shortbow of draining.
  8759 | Lair:2   | Found a staircase to the Snake Pit.
  8785 | Lair:2   | Reached XP level 12. HP: 60/60 MP: 20/20
  8794 | Lair:2   | 8794 ||| RETREEEEATING.
  8795 | Lair:2   | 8795 ||| RETREEEEATING.
  8796 | Lair:2   | 8796 ||| RETREEEEATING.
  8797 | Lair:2   | 8797 ||| RETREEEEATING.
  8798 | Lair:2   | 8798 ||| RETREEEEATING.
  8799 | Lair:2   | 8799 ||| RETREEEEATING.
  8800 | Lair:2   | 8800 ||| RETREEEEATING.
  8801 | Lair:2   | 8801 ||| RETREEEEATING.
  8802 | Lair:2   | 8802 ||| RETREEEEATING.
  8944 | Lair:2   | Reached skill level 14 in Dodging
  8956 | Lair:2   | 8956 ||| RETREEEEATING.
  8957 | Lair:2   | 8957 ||| RETREEEEATING.
  8958 | Lair:2   | 8958 ||| RETREEEEATING.
  8959 | Lair:2   | 8959 ||| RETREEEEATING.
  8960 | Lair:2   | 8960 ||| RETREEEEATING.
  8961 | Lair:2   | 8961 ||| RETREEEEATING.
  8965 | Lair:2   | 8965 ||| RETREEEEATING.
  8966 | Lair:2   | 8966 ||| RETREEEEATING.
  8967 | Lair:2   | 8967 ||| RETREEEEATING.
  8968 | Lair:2   | 8968 ||| RETREEEEATING.
  8969 | Lair:2   | 8969 ||| RETREEEEATING.
  8970 | Lair:2   | 8970 ||| RETREEEEATING.
  8971 | Lair:2   | 8971 ||| RETREEEEATING.
  8972 | Lair:2   | 8972 ||| RETREEEEATING.
  8973 | Lair:2   | 8973 ||| RETREEEEATING.
  8974 | Lair:2   | 8974 ||| RETREEEEATING.
  8975 | Lair:2   | 8975 ||| RETREEEEATING.
  8976 | Lair:2   | 8976 ||| RETREEEEATING.
  8977 | Lair:2   | 8977 ||| RETREEEEATING.
  8978 | Lair:2   | 8978 ||| RETREEEEATING.
  8979 | Lair:2   | 8979 ||| RETREEEEATING.
  9069 | Lair:2   | Reached skill level 15 in Dodging
  9076 | Lair:2   | Received a gift from Okawaru
  9128 | Lair:2   | Noticed a death yak
  9129 | Lair:2   | 9129 ||| INVOKING Finesse.
  9141 | Lair:2   | Noticed a death yak
  9148 | Lair:2   | Killed a death yak
  9162 | Lair:2   | Killed a death yak
  9210 | Lair:2   | 9210 ||| RETREEEEATING.
  9358 | Lair:2   | Found a staircase to the Shoals.
  9380 | Lair:2   | HP: 15/60 [merfolk/+0 trident (21)]
  9381 | Lair:2   | 9381 ||| READING 7 scrolls of teleportation.
  9510 | Lair:2   | Received a gift from Okawaru
  9511 | Lair:2   | Reached skill level 6 in Fighting
  9639 | Lair:2   | 9639 ||| UPGRADING to +0 cloak of poison resistance.
  9649 | Lair:2   | 9649 ||| UPGRADING to ring of protection from cold.
  9650 | Lair:2   | 9650 ||| READING 2 scrolls labelled COMAXT FOXTAAS.
  9650 | Lair:2   | 9650 ||| ENCHANTING +0 cloak of poison resistance.
  9651 | Lair:2   | 9651 ||| DROPPING scarf of repulsion.
  9652 | Lair:2   | 9652 ||| READING scroll of enchant armour.
  9652 | Lair:2   | 9652 ||| ENCHANTING +1 cloak of poison resistance.
  9776 | Lair:3   | 9776 ||| RETREEEEATING.
  9777 | Lair:3   | 9777 ||| RETREEEEATING.
  9778 | Lair:3   | 9778 ||| RETREEEEATING.
  9779 | Lair:3   | 9779 ||| RETREEEEATING.
  9784 | Lair:3   | Reached skill level 16 in Dodging
  9864 | Lair:3   | 9864 ||| RETREEEEATING.
  9866 | Lair:3   | 9866 ||| RETREEEEATING.
  9867 | Lair:3   | 9867 ||| RETREEEEATING.
  9868 | Lair:3   | 9868 ||| RETREEEEATING.
  9869 | Lair:3   | 9869 ||| RETREEEEATING.
  9870 | Lair:3   | 9870 ||| RETREEEEATING.
  9872 | Lair:3   | 9872 ||| RETREEEEATING.
  9879 | Lair:3   | 9879 ||| RETREEEEATING.
  9881 | Lair:3   | 9881 ||| RETREEEEATING.
  9970 | Lair:3   | Found a frozen archway.
  9980 | Lair:3   | Reached XP level 13. HP: 65/65 MP: 21/21
  9987 | Lair:3   | 9987 ||| RETREEEEATING.
  9988 | Lair:3   | 9988 ||| RETREEEEATING.
  9995 | Lair:3   | 9995 ||| INVOKING Finesse.
  9999 | Lair:3   | 9999 ||| INVOKING Heroism.
  9999 | Lair:3   | HP: 16/65 [skyshark (5)]
 10000 | Lair:3   | 10000 ||| READING 6 scrolls of teleportation.
 10001 | Lair:3   | 10001 ||| DRINKING 2 potions of heal wounds.
 10165 | Lair:3   | 10165 ||| RETREEEEATING.
 10166 | Lair:3   | 10166 ||| INVOKING Finesse.
 10168 | Lair:3   | 10168 ||| Stepping ~*~*~tactically~*~*~ (cloud).
 10171 | Lair:3   | 10171 ||| Stepping ~*~*~tactically~*~*~ (cloud).
 10181 | Lair:3   | Received a gift from Okawaru
 10218 | Lair:3   | Reached skill level 15 in Ranged Weapons
 10345 | Lair:3   | 10345 ||| RETREEEEATING.
 10615 | Lair:3   | 10615 ||| READING scroll of identify.
 10615 | Lair:3   | 10615 ||| IDENTIFYING coppery potion
 10657 | Lair:4   | 10657 ||| PLANNING GAUNTLET
 10659 | Lair:4   | 10659 ||| STAIRDANCE
 10665 | Lair:4   | 10665 ||| STAIRDANCE
 10682 | Lair:4   | 10682 ||| STAIRDANCE
 10730 | Lair:4   | 10730 ||| RETREEEEATING.
 10737 | Lair:4   | Reached skill level 17 in Dodging
 10750 | Lair:4   | Reached skill level 1 in Armour
 10839 | Lair:4   | 10839 ||| DRINKING 2 potions of cancellation.
 10851 | Lair:4   | Received a gift from Okawaru
 10855 | Lair:4   | Found a gate leading to a gauntlet.
 10856 | Lair:4   | 10856 ||| UPGRADING to ring of protection from fire.
 10858 | Lair:4   | 10858 ||| READING scroll of identify.
 10858 | Lair:4   | 10858 ||| IDENTIFYING grey potion
 10867 | Gauntlet | Entered a Gauntlet
 10867 | Gauntlet | Found a transporter.
 10867 | Gauntlet | Found a runed translucent gate.
 10867 | Gauntlet | Found a transporter.
 10867 | Gauntlet | Found a runed translucent gate.
 10868 | Gauntlet | Found a runed translucent gate.
 10879 | Gauntlet | Found a transporter.
 10897 | Gauntlet | Found a transporter.
 10897 | Gauntlet | Found a transporter.
 10897 | Gauntlet | Found a transporter.
 10899 | Gauntlet | Found a transporter.
 10899 | Gauntlet | Found a transporter.
 10912 | Gauntlet | Found a runed translucent door.
 10915 | Gauntlet | Found a transporter.
 10931 | Gauntlet | Found a transporter.
 10941 | Gauntlet | Found a transporter.
 10956 | Gauntlet | Found a transporter.
 10976 | Gauntlet | Found a transporter.
 10989 | Gauntlet | Found a transporter.
 11032 | Gauntlet | 11032 ||| RETREEEEATING.
 11033 | Gauntlet | 11033 ||| RETREEEEATING.
 11034 | Gauntlet | 11034 ||| INVOKING Finesse.
 11115 | Gauntlet | Identified the amulet "Offegam" {rN+ Regen+}
 11122 | Gauntlet | 11122 ||| UPGRADING to amulet "Offegam" {rN+ Regen+}.
 11127 | Gauntlet | 11127 ||| UPGRADING to amulet of faith.
 11154 | Gauntlet | 11154 ||| INVOKING Finesse.
 11192 | Gauntlet | Identified the +1 cloak "Raublox" {rF+ Dex+5}
 11194 | Gauntlet | 11194 ||| UPGRADING to +1 cloak "Raublox" {rF+ Dex+5}.
 11204 | Gauntlet | 11204 ||| DROPPING +2 cloak of poison resistance.
 11205 | Gauntlet | 11205 ||| READING scroll labelled TOUCENLOO.
 11205 | Gauntlet | Identified a scroll of acquirement
 11205 | Gauntlet | 11205 ||| ACQUIRING +0 robe of Ubiquitous Life {rPois rN++
                  | Int-2}
 11205 | Gauntlet | Acquired the +0 robe of Ubiquitous Life {rPois rN++ Int-2}
 11207 | Gauntlet | 11207 ||| UPGRADING to +0 robe of Ubiquitous Life {rPois
                  | rN++ Int-2}.
 11222 | Gauntlet | Noticed a minotaur
 11223 | Gauntlet | 11223 ||| INVOKING Finesse.
 11238 | Gauntlet | Killed a minotaur
 11280 | Gauntlet | Identified the staff of Freezing Punishment {^Fragile rN+
                  | Will+ Int+2 Hexes Necro}
 11344 | Lair:4   | 11344 ||| PLANNING LAIR
 11966 | Lair:5   | Entered Level 5 of the Lair of Beasts
 11978 | Lair:5   | 11978 ||| INVOKING Finesse.
 12005 | Lair:5   | Reached skill level 18 in Dodging
 12210 | Lair:5   | Received a gift from Okawaru
 12215 | Lair:5   | 12215 ||| RETREEEEATING.
 12216 | Lair:5   | 12216 ||| RETREEEEATING.
 12217 | Lair:5   | 12217 ||| RETREEEEATING.
 12218 | Lair:5   | 12218 ||| RETREEEEATING.
 12219 | Lair:5   | 12219 ||| RETREEEEATING.
 12220 | Lair:5   | 12220 ||| RETREEEEATING.
 12221 | Lair:5   | 12221 ||| RETREEEEATING.
 12222 | Lair:5   | 12222 ||| RETREEEEATING.
 12223 | Lair:5   | 12223 ||| RETREEEEATING.
 12224 | Lair:5   | 12224 ||| RETREEEEATING.
 12226 | Lair:5   | 12226 ||| RETREEEEATING.
 12275 | Lair:5   | 12275 ||| RETREEEEATING.
 12318 | Lair:5   | 12318 ||| INVOKING Finesse.
 12328 | Lair:5   | Reached skill level 19 in Dodging
 12360 | Lair:5   | Identified the +6 hand axe of Entrepreneurial Spirit
                  | {drain, Int+5 Dex-2}
 12382 | Lair:5   | Got an earthy gem with 542 turns to spare
 12452 | Lair:5   | Noticed a dire elephant
 12456 | Lair:5   | 12456 ||| ZAPPING wand of light (8) at 5,-5 (dire elephant;
                  | floor).
 12459 | Lair:5   | 12459 ||| RETREEEEATING.
 12460 | Lair:5   | 12460 ||| ZAPPING wand of light (7) at 5,-5 (dire elephant;
                  | floor).
 12461 | Lair:5   | 12461 ||| ZAPPING wand of light (6) at 4,-4 (dire elephant;
                  | floor).
 12466 | Lair:5   | 12466 ||| ZAPPING wand of light (5) at 3,-2 (dire elephant;
                  | floor).
 12468 | Lair:5   | 12468 ||| ZAPPING wand of light (4) at 3,-2 (dire elephant;
                  | floor).
 12469 | Lair:5   | 12469 ||| ZAPPING wand of light (3) at 2,-2 (dire elephant;
                  | floor).
 12470 | Lair:5   | 12470 ||| ZAPPING wand of light (2) at 2,-2 (dire elephant;
                  | floor).
 12471 | Lair:5   | Reached XP level 14. HP: 41/70 MP: 22/22
 12487 | Lair:5   | Received a gift from Okawaru
 12683 | Lair:5   | 12683 ||| RETREEEEATING.
 12698 | Lair:5   | 12698 ||| RETREEEEATING.
 12700 | Lair:5   | 12700 ||| RETREEEEATING.
 12705 | Lair:5   | 12705 ||| RETREEEEATING.
 12708 | Lair:5   | 12708 ||| RETREEEEATING.
 12995 | Lair:5   | 12995 ||| RETREEEEATING.
 13034 | Lair:5   | Received a gift from Okawaru
 13198 | Lair:5   | Identified the +2 robe "Oheiseon" {rN+ rCorr}
 13202 | Lair:5   | 13202 ||| RETREEEEATING.
 13204 | Lair:5   | 13204 ||| RETREEEEATING.
 13206 | Lair:5   | 13206 ||| RETREEEEATING.
 13208 | Lair:5   | 13208 ||| RETREEEEATING.
 13210 | Lair:5   | 13210 ||| RETREEEEATING.
 13212 | Lair:5   | 13212 ||| RETREEEEATING.
 13214 | Lair:5   | 13214 ||| RETREEEEATING.
 13254 | Lair:5   | Found a runed translucent gate.
 13254 | Lair:5   | Found a runed translucent gate.
 13254 | Lair:5   | Found a runed translucent gate.
 13351 | Lair:5   | Found a runed translucent door.
 13352 | Lair:5   | Found a staircase to the Slime Pits.
 13352 | Lair:5   | Noticed an acid blob
 13352 | Lair:5   | Noticed an acid blob
 13429 | Lair:5   | Noticed qw's ghost (journeyman DjHu)
 13429 | Lair:5   | Noticed qw's ghost (journeyman DEHu)
 13430 | Lair:5   | Noticed qw's ghost (journeyman SpHu)
 13672 | Lair:5   | 13672 ||| PLANNING D:1-11
 13672 | Lair:5   | 13672 ||| DROPPING +2 robe "Oheiseon" {rN+ rCorr}.
 13917 | D:9      | 13917 ||| READING scroll of identify.
 13917 | D:9      | 13917 ||| IDENTIFYING fizzy brown potion
 13918 | D:9      | 13918 ||| DROPPING potion of ambrosia.
 13958 | D:10     | Entered Level 10 of the Dungeon
 14061 | D:10     | 14061 ||| READING scroll labelled SAKHAWNOXKUX.
 14276 | D:10     | Found a broken altar of Ashenzari.
 14305 | D:10     | Noticed Amaemon
 14314 | D:10     | Reached skill level 20 in Dodging
 14314 | D:10     | Killed Amaemon
 14694 | D:9      | 14694 ||| DROPPING amulet of guardian spirit.
 14695 | D:9      | 14695 ||| READING 2 scrolls of identify.
 14695 | D:9      | 14695 ||| IDENTIFYING inky potion
 14696 | D:9      | 14696 ||| READING scroll of identify.
 14696 | D:9      | 14696 ||| IDENTIFYING murky golden potion
 14697 | D:9      | 14697 ||| DROPPING potion of attraction.
 15429 | D:11     | 15429 ||| STAIRDANCE
 15528 | D:11     | Received a gift from Okawaru
 15831 | D:11     | 15831 ||| READING scroll of acquirement.
 15831 | D:11     | 15831 ||| ACQUIRING +0 hat of Patience {-Cast rPois Str+4}
 15831 | D:11     | Acquired the +0 hat of Patience {-Cast rPois Str+4}
 15833 | D:11     | 15833 ||| DROPPING +1 robe "Rubosyr" {Regen+}.
 15928 | D:11     | Found a staircase to the Orcish Mines.
 16149 | D:11     | 16149 ||| PLANNING D
 16149 | D:11     | 16149 ||| UPGRADING to +0 hat of Patience {-Cast rPois
                  | Str+4}.
 16154 | D:11     | 16154 ||| UPGRADING to +2 robe of fire resistance.
 16164 | D:11     | 16164 ||| UPGRADING to +0 troll leather armour.
 16174 | D:11     | 16174 ||| DROPPING ring of ice.
 16175 | D:11     | 16175 ||| READING scroll labelled TEBLET RUGAACE.
 16839 | D:12     | Noticed Rupert
 16840 | D:12     | 16840 ||| INVOKING Finesse.
 16842 | D:12     | 16842 ||| INVOKING Heroism.
 16855 | D:12     | Killed Rupert
 16855 | D:12     | Received a gift from Okawaru
 16941 | D:12     | 16941 ||| READING scroll of identify.
 16941 | D:12     | 16941 ||| IDENTIFYING sedimented sapphire potion
 16942 | D:12     | 16942 ||| DROPPING potion of lignification.
 17005 | D:13     | 17005 ||| RETREEEEATING.
 17008 | D:13     | 17008 ||| RETREEEEATING.
 17011 | D:13     | 17011 ||| RETREEEEATING.
 17014 | D:13     | 17014 ||| RETREEEEATING.
 17050 | D:13     | Reached skill level 21 in Dodging
 17240 | D:13     | HP: 13/73 [??? (10)]
 17241 | D:13     | 17241 ||| READING 8 scrolls of teleportation.
 17242 | D:13     | 17242 ||| DRINKING potion of heal wounds.
 17406 | D:13     | 17406 ||| FLEEEEING.
 17407 | D:13     | 17407 ||| FLEEEEING.
 17474 | D:13     | HP: 14/73 [??? (11)]
 17481 | D:13     | HP: 7/73 [??? (5)]
 17488 | D:13     | HP: 7/73 [??? (5)]
 17498 | D:13     | HP: 8/73 [??? (6)]
 17505 | D:13     | HP: 6/73 [??? (3)]
 17517 | D:13     | HP: 9/73 [??? (7)]
 17523 | D:13     | HP: 9/73 [??? (7)]
 17528 | D:13     | HP: 9/73 [??? (6)]
 17539 | D:13     | HP: 12/73 [??? (9)]
 17548 | D:13     | HP: 12/73 [??? (10)]
 17554 | D:13     | HP: 7/73 [??? (5)]
 17560 | D:13     | HP: 8/73 [??? (6)]
 17567 | D:13     | HP: 9/73 [??? (6)]
 17577 | D:13     | HP: 12/73 [??? (9)]
 17591 | D:13     | HP: 12/73 [??? (10)]
 17596 | D:13     | HP: 10/73 [??? (8)]
 17598 | D:13     | HP: 4/73 [??? (1)]
 17605 | D:13     | HP: 7/73 [??? (5)]
 17610 | D:13     | HP: 8/73 [??? (5)]
 17618 | D:13     | HP: 10/73 [??? (7)]
 17629 | D:13     | HP: 12/73 [??? (10)]
 17640 | D:13     | HP: 11/73 [??? (8)]
 17645 | D:13     | HP: 10/73 [??? (7)]
 17654 | D:13     | HP: 11/73 [??? (9)]
 17662 | D:13     | HP: 11/73 [??? (9)]
 17670 | D:13     | HP: 7/73 [??? (4)]
 17694 | D:13     | HP: 17/73 [??? (14)]
 17703 | D:13     | HP: 15/73 [??? (12)]
 17719 | D:13     | HP: 18/73 [??? (15)]
 17724 | D:13     | HP: 8/73 [??? (6)]
 17730 | D:13     | HP: 9/73 [??? (6)]
 17740 | D:13     | HP: 9/73 [??? (6)]
 17750 | D:13     | HP: 8/73 [??? (6)]
 17761 | D:13     | HP: 12/73 [??? (9)]
 17766 | D:13     | HP: 7/73 [??? (4)]
 17771 | D:13     | HP: 6/73 [??? (3)]
 17777 | D:13     | HP: 6/73 [??? (3)]
 17794 | D:13     | HP: 14/73 [??? (11)]
 17799 | D:13     | HP: 7/73 [??? (4)]
 17809 | D:13     | HP: 10/73 [??? (8)]
 17817 | D:13     | HP: 7/73 [??? (4)]
 17827 | D:13     | HP: 8/73 [??? (6)]
 17838 | D:13     | HP: 8/73 [??? (6)]
 17844 | D:13     | HP: 6/73 [??? (4)]
 17853 | D:13     | HP: 8/73 [??? (5)]
 17862 | D:13     | HP: 10/73 [??? (8)]
 17869 | D:13     | 17869 ||| READING 7 scrolls of teleportation.
 17869 | D:13     | HP: 8/73 [??? (5)]
 17875 | D:13     | 17875 ||| READING 6 scrolls of teleportation.
 17879 | D:13     | 17879 ||| READING 5 scrolls of teleportation.
 17881 | D:13     | HP: 5/73 [mirror damage (12)]
 17883 | D:13     | 17883 ||| READING 4 scrolls of teleportation.
 17887 | D:13     | HP: 7/73 [??? (4)]
 17956 | D:13     | Reached skill level 22 in Dodging
 18007 | D:13     | HP: 15/73 [??? (13)]
 18014 | D:13     | HP: 9/73 [??? (7)]
 18020 | D:13     | HP: 9/73 [??? (7)]
 18028 | D:13     | HP: 8/73 [??? (5)]
 18037 | D:13     | HP: 9/73 [??? (6)]
 18044 | D:13     | HP: 6/73 [??? (3)]
 18046 | D:13     | 18046 ||| READING 3 scrolls of teleportation.
 18049 | D:13     | HP: 7/73 [??? (4)]
 18119 | D:13     | Reached XP level 15. HP: 58/77 MP: 23/23
 18187 | D:13     | HP: 13/77 [??? (10)]
 18194 | D:13     | HP: 8/77 [??? (6)]
 18199 | D:13     | HP: 6/77 [??? (4)]
 18204 | D:13     | HP: 4/77 [??? (1)]
 18217 | D:13     | HP: 9/77 [??? (7)]
 18223 | D:13     | HP: 6/77 [??? (3)]
 18229 | D:13     | HP: 6/77 [??? (4)]
 18237 | D:13     | HP: 6/77 [??? (3)]
 18243 | D:13     | HP: 4/77 [??? (1)]
 18253 | D:13     | HP: 7/77 [??? (5)]
 18258 | D:13     | HP: 5/77 [??? (2)]
 18264 | D:13     | HP: 5/77 [??? (3)]
 18269 | D:13     | HP: 7/77 [??? (4)]
 18275 | D:13     | HP: 5/77 [??? (2)]
 18282 | D:13     | HP: 5/77 [??? (2)]
 18287 | D:13     | HP: 4/77 [??? (1)]
 18293 | D:13     | HP: 6/77 [??? (4)]
 18303 | D:13     | HP: 9/77 [??? (6)]
 18312 | D:13     | HP: 7/77 [??? (5)]
 18317 | D:13     | HP: 4/77 [??? (2)]
 18322 | D:13     | HP: 6/77 [??? (3)]
 18332 | D:13     | HP: 10/77 [??? (7)]
 18338 | D:13     | HP: 6/77 [??? (3)]
 18353 | D:13     | HP: 11/77 [??? (8)]
 18359 | D:13     | HP: 6/77 [??? (3)]
 18364 | D:13     | HP: 4/77 [??? (2)]
 18373 | D:13     | HP: 8/77 [??? (5)]
 18381 | D:13     | HP: 6/77 [??? (4)]
 18386 | D:13     | HP: 4/77 [??? (2)]
 18391 | D:13     | HP: 5/77 [??? (3)]
 18397 | D:13     | HP: 4/77 [??? (2)]
 18407 | D:13     | HP: 7/77 [??? (5)]
 18413 | D:13     | HP: 6/77 [??? (3)]
 18418 | D:13     | HP: 5/77 [??? (3)]
 18431 | D:13     | HP: 10/77 [??? (7)]
 18436 | D:13     | HP: 9/77 [??? (7)]
 18445 | D:13     | HP: 7/77 [??? (4)]
 18453 | D:13     | HP: 9/77 [??? (7)]
 18461 | D:13     | HP: 8/77 [??? (5)]
 18470 | D:13     | HP: 10/77 [??? (8)]
 18476 | D:13     | HP: 5/77 [??? (3)]
 18482 | D:13     | HP: 4/77 [??? (2)]
 18487 | D:13     | HP: 5/77 [??? (2)]
 18493 | D:13     | HP: 6/77 [??? (3)]
 18501 | D:13     | HP: 7/77 [??? (4)]
 18506 | D:13     | HP: 5/77 [??? (3)]
 18514 | D:13     | HP: 5/77 [??? (3)]
 18521 | D:13     | HP: 6/77 [??? (4)]
 18526 | D:13     | HP: 7/77 [??? (5)]
 18535 | D:13     | HP: 10/77 [??? (7)]
 18541 | D:13     | HP: 10/77 [??? (7)]
 18546 | D:13     | HP: 7/77 [??? (4)]
 18551 | D:13     | HP: 5/77 [??? (2)]
 18557 | D:13     | HP: 6/77 [??? (4)]
 18562 | D:13     | HP: 5/77 [??? (3)]
 18567 | D:13     | HP: 5/77 [??? (2)]
 18574 | D:13     | HP: 6/77 [??? (4)]
 18581 | D:13     | HP: 5/77 [??? (3)]
 18587 | D:13     | HP: 5/77 [??? (3)]
 18593 | D:13     | HP: 5/77 [??? (3)]
 18600 | D:13     | HP: 7/77 [??? (4)]
 18605 | D:13     | HP: 4/77 [??? (2)]
 18610 | D:13     | HP: 5/77 [??? (3)]
 18619 | D:13     | HP: 9/77 [??? (6)]
 18629 | D:13     | HP: 11/77 [??? (9)]
 18635 | D:13     | HP: 10/77 [??? (8)]
 18645 | D:13     | HP: 7/77 [??? (5)]
 18652 | D:13     | HP: 7/77 [??? (4)]
 18657 | D:13     | HP: 4/77 [??? (1)]
 18673 | D:13     | HP: 10/77 [??? (8)]
 18678 | D:13     | HP: 7/77 [??? (4)]
 18690 | D:13     | HP: 8/77 [??? (5)]
 18698 | D:13     | HP: 6/77 [??? (4)]
 18703 | D:13     | HP: 6/77 [??? (3)]
 18709 | D:13     | HP: 7/77 [??? (4)]
 18721 | D:13     | HP: 8/77 [??? (5)]
 18727 | D:13     | HP: 6/77 [??? (3)]
 18733 | D:13     | HP: 8/77 [??? (5)]
 18740 | D:13     | HP: 5/77 [??? (3)]
 18745 | D:13     | HP: 5/77 [??? (2)]
 18750 | D:13     | HP: 6/77 [??? (3)]
 18758 | D:13     | HP: 6/77 [??? (4)]
 18763 | D:13     | HP: 7/77 [??? (4)]
 18775 | D:13     | HP: 9/77 [??? (6)]
 18781 | D:13     | HP: 7/77 [??? (4)]
 18788 | D:13     | HP: 6/77 [??? (4)]
 18793 | D:13     | HP: 5/77 [??? (3)]
 18798 | D:13     | HP: 6/77 [??? (4)]
 18803 | D:13     | HP: 5/77 [??? (3)]
 18814 | D:13     | HP: 8/77 [??? (5)]
 18819 | D:13     | HP: 6/77 [??? (3)]
 18825 | D:13     | HP: 6/77 [??? (3)]
 18831 | D:13     | HP: 6/77 [??? (4)]
 18837 | D:13     | HP: 6/77 [??? (4)]
 18844 | D:13     | HP: 6/77 [??? (3)]
 18853 | D:13     | HP: 8/77 [??? (5)]
 18861 | D:13     | HP: 7/77 [??? (5)]
 18866 | D:13     | HP: 5/77 [??? (2)]
 18871 | D:13     | HP: 5/77 [??? (3)]
 18878 | D:13     | HP: 5/77 [??? (3)]
 18883 | D:13     | HP: 7/77 [??? (4)]
 18891 | D:13     | HP: 6/77 [??? (3)]
 18897 | D:13     | HP: 7/77 [??? (5)]
 18902 | D:13     | HP: 8/77 [??? (5)]
 18910 | D:13     | HP: 8/77 [??? (5)]
 18920 | D:13     | HP: 8/77 [??? (5)]
 18925 | D:13     | HP: 6/77 [??? (4)]
 18932 | D:13     | HP: 5/77 [??? (2)]
 18940 | D:13     | HP: 8/77 [??? (6)]
 18951 | D:13     | HP: 8/77 [??? (5)]
 18957 | D:13     | HP: 5/77 [??? (3)]
 18963 | D:13     | HP: 7/77 [??? (5)]
 18968 | D:13     | HP: 6/77 [??? (4)]
 18977 | D:13     | HP: 7/77 [??? (4)]
 18984 | D:13     | HP: 7/77 [??? (4)]
 18989 | D:13     | HP: 6/77 [??? (3)]
 18998 | D:13     | HP: 9/77 [??? (7)]
 19006 | D:13     | HP: 7/77 [??? (5)]
 19011 | D:13     | HP: 5/77 [??? (3)]
 19016 | D:13     | HP: 5/77 [??? (2)]
 19022 | D:13     | HP: 4/77 [??? (1)]
 19027 | D:13     | HP: 4/77 [??? (1)]
 19034 | D:13     | HP: 5/77 [??? (3)]
 19039 | D:13     | HP: 6/77 [??? (3)]
 19050 | D:13     | HP: 9/77 [??? (7)]
 19056 | D:13     | HP: 9/77 [??? (6)]
 19058 | D:13     | HP: 4/77 [??? (1)]
 19065 | D:13     | HP: 5/77 [??? (2)]
 19072 | D:13     | HP: 5/77 [??? (3)]
 19078 | D:13     | HP: 5/77 [??? (3)]
 19084 | D:13     | HP: 5/77 [??? (2)]
 19090 | D:13     | HP: 4/77 [??? (2)]
 19098 | D:13     | HP: 8/77 [??? (5)]
 19103 | D:13     | HP: 6/77 [??? (4)]
 19108 | D:13     | HP: 5/77 [??? (2)]
 19114 | D:13     | HP: 5/77 [??? (2)]
 19121 | D:13     | HP: 5/77 [??? (3)]
 19128 | D:13     | HP: 6/77 [??? (4)]
 19134 | D:13     | HP: 5/77 [??? (2)]
 19141 | D:13     | HP: 6/77 [??? (3)]
 19150 | D:13     | HP: 6/77 [??? (3)]
 19157 | D:13     | HP: 5/77 [??? (3)]
 19167 | D:13     | HP: 8/77 [??? (6)]
 19173 | D:13     | HP: 6/77 [??? (3)]
 19179 | D:13     | HP: 5/77 [??? (3)]
 19185 | D:13     | HP: 4/77 [??? (2)]
 19190 | D:13     | HP: 4/77 [??? (1)]
 19195 | D:13     | HP: 4/77 [??? (1)]
 19201 | D:13     | HP: 5/77 [??? (3)]
 19206 | D:13     | HP: 5/77 [??? (2)]
 19211 | D:13     | HP: 5/77 [??? (3)]
 19220 | D:13     | HP: 6/77 [??? (4)]
 19227 | D:13     | HP: 7/77 [??? (5)]
 19236 | D:13     | HP: 7/77 [??? (5)]
 19244 | D:13     | HP: 7/77 [??? (5)]
 19249 | D:13     | HP: 4/77 [??? (2)]
 19255 | D:13     | HP: 5/77 [??? (2)]
 19260 | D:13     | HP: 6/77 [??? (3)]
 19268 | D:13     | HP: 7/77 [??? (5)]
 19277 | D:13     | HP: 8/77 [??? (5)]
 19288 | D:13     | HP: 8/77 [??? (6)]
 19296 | D:13     | HP: 10/77 [??? (7)]
 19306 | D:13     | HP: 9/77 [??? (6)]
 19311 | D:13     | HP: 6/77 [??? (4)]
 19320 | D:13     | HP: 7/77 [??? (5)]
 19326 | D:13     | HP: 8/77 [??? (6)]
 19332 | D:13     | HP: 8/77 [??? (6)]
 19337 | D:13     | HP: 8/77 [??? (6)]
 19342 | D:13     | HP: 5/77 [??? (3)]
 19347 | D:13     | HP: 6/77 [??? (4)]
 19355 | D:13     | HP: 9/77 [??? (6)]
 19358 | D:13     | HP: 4/77 [??? (2)]
 19363 | D:13     | HP: 6/77 [??? (3)]
 19370 | D:13     | HP: 6/77 [??? (4)]
 19375 | D:13     | HP: 4/77 [??? (1)]
 19381 | D:13     | HP: 6/77 [??? (4)]
 19388 | D:13     | HP: 5/77 [??? (2)]
 19397 | D:13     | HP: 9/77 [??? (6)]
 19403 | D:13     | HP: 5/77 [??? (3)]
 19409 | D:13     | HP: 6/77 [??? (3)]
 19418 | D:13     | HP: 7/77 [??? (4)]
 19425 | D:13     | HP: 9/77 [??? (6)]
 19431 | D:13     | HP: 6/77 [??? (4)]
 19436 | D:13     | HP: 6/77 [??? (4)]
 19442 | D:13     | HP: 8/77 [??? (5)]
 19451 | D:13     | HP: 7/77 [??? (5)]
 19456 | D:13     | HP: 4/77 [??? (2)]
 19462 | D:13     | HP: 5/77 [??? (2)]
 19468 | D:13     | HP: 7/77 [??? (5)]
 19473 | D:13     | HP: 4/77 [??? (1)]
 19481 | D:13     | HP: 6/77 [??? (4)]
 19488 | D:13     | HP: 5/77 [??? (3)]
 19511 | D:13     | HP: 14/77 [??? (11)]
 19522 | D:13     | HP: 11/77 [??? (8)]
 19527 | D:13     | HP: 7/77 [??? (4)]
 19532 | D:13     | HP: 6/77 [??? (3)]
 19537 | D:13     | HP: 5/77 [??? (3)]
 19542 | D:13     | HP: 4/77 [??? (1)]
 19547 | D:13     | HP: 4/77 [??? (1)]
 19555 | D:13     | HP: 5/77 [??? (3)]
 19560 | D:13     | HP: 5/77 [??? (3)]
 19567 | D:13     | HP: 6/77 [??? (4)]
 19576 | D:13     | HP: 8/77 [??? (6)]
 19583 | D:13     | HP: 6/77 [??? (3)]
 19590 | D:13     | HP: 5/77 [??? (2)]
 19595 | D:13     | HP: 4/77 [??? (2)]
 19600 | D:13     | HP: 4/77 [??? (1)]
 19605 | D:13     | HP: 4/77 [??? (1)]
 19615 | D:13     | HP: 6/77 [??? (4)]
 19627 | D:13     | HP: 9/77 [??? (7)]
 19634 | D:13     | HP: 7/77 [??? (5)]
 19639 | D:13     | HP: 5/77 [??? (3)]
 19644 | D:13     | HP: 6/77 [??? (3)]
 19650 | D:13     | HP: 6/77 [??? (4)]
 19655 | D:13     | HP: 4/77 [??? (1)]
 19661 | D:13     | HP: 5/77 [??? (2)]
 19667 | D:13     | HP: 6/77 [??? (4)]
 19675 | D:13     | HP: 7/77 [??? (4)]
 19681 | D:13     | HP: 8/77 [??? (5)]
 19688 | D:13     | HP: 9/77 [??? (7)]
 19694 | D:13     | HP: 7/77 [??? (5)]
 19699 | D:13     | HP: 4/77 [??? (2)]
 19705 | D:13     | HP: 5/77 [??? (3)]
 19710 | D:13     | HP: 6/77 [??? (3)]
 19715 | D:13     | HP: 5/77 [??? (2)]
 19729 | D:13     | HP: 8/77 [??? (6)]
 19743 | D:13     | HP: 10/77 [??? (8)]
 19748 | D:13     | HP: 5/77 [??? (2)]
 19758 | D:13     | HP: 7/77 [??? (5)]
 19760 | D:13     | HP: 3/77 [??? (1)]
 19769 | D:13     | HP: 7/77 [??? (5)]
 19777 | D:13     | HP: 6/77 [??? (3)]
 19785 | D:13     | HP: 7/77 [??? (5)]
 19790 | D:13     | HP: 5/77 [??? (3)]
 19795 | D:13     | HP: 4/77 [??? (2)]
 19800 | D:13     | HP: 5/77 [??? (3)]
 19805 | D:13     | HP: 6/77 [??? (4)]
 19810 | D:13     | HP: 5/77 [??? (2)]
 19817 | D:13     | HP: 5/77 [??? (3)]
 19823 | D:13     | HP: 4/77 [??? (1)]
 19828 | D:13     | HP: 5/77 [??? (3)]
 19833 | D:13     | HP: 5/77 [??? (2)]
 19838 | D:13     | HP: 3/77 [??? (1)]
 19843 | D:13     | HP: 4/77 [??? (2)]
 19850 | D:13     | HP: 7/77 [??? (5)]
 19861 | D:13     | HP: 7/77 [??? (5)]
 19873 | D:13     | HP: 10/77 [??? (7)]
 19879 | D:13     | HP: 7/77 [??? (4)]
 19884 | D:13     | HP: 5/77 [??? (3)]
 19893 | D:13     | HP: 7/77 [??? (4)]
 19907 | D:13     | HP: 11/77 [??? (9)]
 19912 | D:13     | HP: 7/77 [??? (4)]
 19919 | D:13     | HP: 7/77 [??? (4)]
 19924 | D:13     | HP: 5/77 [??? (3)]
 19930 | D:13     | HP: 5/77 [??? (3)]
 19935 | D:13     | HP: 5/77 [??? (2)]
 19940 | D:13     | HP: 3/77 [??? (1)]
 19947 | D:13     | HP: 7/77 [??? (4)]
 19949 | D:13     | HP: 3/77 [??? (1)]
 19955 | D:13     | HP: 5/77 [??? (2)]
 19960 | D:13     | HP: 4/77 [??? (2)]
 19967 | D:13     | HP: 6/77 [??? (4)]
 19973 | D:13     | HP: 4/77 [??? (2)]
 19980 | D:13     | HP: 5/77 [??? (3)]
 19985 | D:13     | HP: 7/77 [??? (4)]
 19990 | D:13     | HP: 6/77 [??? (3)]
 19998 | D:13     | HP: 7/77 [??? (4)]
 20003 | D:13     | HP: 6/77 [??? (4)]
 20018 | D:13     | HP: 13/77 [??? (10)]
 20023 | D:13     | HP: 10/77 [??? (8)]
 20028 | D:13     | HP: 6/77 [??? (4)]
 20033 | D:13     | HP: 7/77 [??? (5)]
 20038 | D:13     | HP: 4/77 [??? (2)]
 20047 | D:13     | HP: 8/77 [??? (5)]
 20053 | D:13     | HP: 9/77 [??? (6)]
 20055 | D:13     | HP: 4/77 [??? (1)]
 20061 | D:13     | HP: 6/77 [??? (3)]
 20068 | D:13     | HP: 7/77 [??? (4)]
 20076 | D:13     | HP: 8/77 [??? (6)]
 20081 | D:13     | HP: 8/77 [??? (5)]
 20090 | D:13     | HP: 7/77 [??? (4)]
 20098 | D:13     | HP: 6/77 [??? (3)]
 20103 | D:13     | HP: 4/77 [??? (2)]
 20108 | D:13     | HP: 5/77 [??? (3)]
 20114 | D:13     | HP: 4/77 [??? (2)]
 20120 | D:13     | HP: 5/77 [??? (3)]
 20126 | D:13     | HP: 7/77 [??? (5)]
 20131 | D:13     | HP: 7/77 [??? (5)]
 20138 | D:13     | HP: 6/77 [??? (3)]
 20145 | D:13     | HP: 5/77 [??? (2)]
 20153 | D:13     | HP: 6/77 [??? (4)]
 20160 | D:13     | HP: 8/77 [??? (6)]
 20167 | D:13     | HP: 9/77 [??? (7)]
 20173 | D:13     | HP: 5/77 [??? (2)]
 20178 | D:13     | HP: 7/77 [??? (4)]
 20191 | D:13     | HP: 10/77 [??? (7)]
 20196 | D:13     | HP: 5/77 [??? (2)]
 20205 | D:13     | HP: 6/77 [??? (4)]
 20211 | D:13     | HP: 8/77 [??? (5)]
 20216 | D:13     | HP: 6/77 [??? (4)]
 20221 | D:13     | HP: 4/77 [??? (2)]
 20228 | D:13     | HP: 5/77 [??? (2)]
 20233 | D:13     | HP: 5/77 [??? (3)]
 20245 | D:13     | HP: 8/77 [??? (5)]
 20255 | D:13     | HP: 7/77 [??? (5)]
 20262 | D:13     | HP: 5/77 [??? (3)]
 20270 | D:13     | HP: 6/77 [??? (3)]
 20277 | D:13     | HP: 6/77 [??? (4)]
 20292 | D:13     | HP: 11/77 [??? (9)]
 20303 | D:13     | HP: 8/77 [??? (6)]
 20308 | D:13     | HP: 7/77 [??? (4)]
 20313 | D:13     | HP: 5/77 [??? (3)]
 20323 | D:13     | HP: 9/77 [??? (7)]
 20333 | D:13     | HP: 8/77 [??? (5)]
 20339 | D:13     | HP: 6/77 [??? (3)]
 20347 | D:13     | HP: 5/77 [??? (3)]
 20354 | D:13     | HP: 8/77 [??? (5)]
 20364 | D:13     | HP: 9/77 [??? (6)]
 20370 | D:13     | HP: 6/77 [??? (4)]
 20380 | D:13     | HP: 8/77 [??? (6)]
 20387 | D:13     | HP: 7/77 [??? (4)]
 20395 | D:13     | HP: 7/77 [??? (4)]
 20401 | D:13     | HP: 6/77 [??? (3)]
 20406 | D:13     | HP: 5/77 [??? (2)]
 20414 | D:13     | HP: 6/77 [??? (4)]
 20420 | D:13     | HP: 6/77 [??? (4)]
 20425 | D:13     | HP: 5/77 [??? (2)]
 20430 | D:13     | HP: 6/77 [??? (4)]
 20438 | D:13     | HP: 7/77 [??? (5)]
 20449 | D:13     | HP: 11/77 [??? (9)]
 20454 | D:13     | HP: 9/77 [??? (7)]
 20461 | D:13     | HP: 8/77 [??? (5)]
 20466 | D:13     | HP: 7/77 [??? (4)]
 20474 | D:13     | HP: 6/77 [??? (3)]
 20480 | D:13     | HP: 6/77 [??? (4)]
 20485 | D:13     | HP: 6/77 [??? (3)]
 20495 | D:13     | HP: 10/77 [??? (7)]
 20508 | D:13     | HP: 9/77 [??? (6)]
 20513 | D:13     | HP: 5/77 [??? (3)]
 20518 | D:13     | HP: 4/77 [??? (2)]
 20525 | D:13     | HP: 6/77 [??? (4)]
 20536 | D:13     | HP: 10/77 [??? (8)]
 20541 | D:13     | HP: 6/77 [??? (4)]
 20547 | D:13     | HP: 4/77 [??? (2)]
 20558 | D:13     | HP: 8/77 [??? (5)]
 20563 | D:13     | HP: 8/77 [??? (5)]
 20574 | D:13     | HP: 9/77 [??? (6)]
 20582 | D:13     | HP: 7/77 [??? (5)]
 20592 | D:13     | HP: 11/77 [??? (8)]
 20597 | D:13     | HP: 6/77 [??? (4)]
 20603 | D:13     | HP: 4/77 [??? (2)]
 20616 | D:13     | HP: 10/77 [??? (7)]
 20624 | D:13     | HP: 8/77 [??? (5)]
 20630 | D:13     | HP: 6/77 [??? (4)]
 20635 | D:13     | HP: 5/77 [??? (3)]
 20645 | D:13     | HP: 8/77 [??? (5)]
 20650 | D:13     | HP: 6/77 [??? (4)]
 20658 | D:13     | HP: 7/77 [??? (5)]
 20664 | D:13     | HP: 6/77 [??? (4)]
 20670 | D:13     | HP: 5/77 [??? (3)]
 20677 | D:13     | HP: 6/77 [??? (3)]
 20685 | D:13     | HP: 6/77 [??? (4)]
 20692 | D:13     | HP: 6/77 [??? (4)]
 20697 | D:13     | HP: 4/77 [??? (1)]
 20702 | D:13     | HP: 5/77 [??? (2)]
 20708 | D:13     | HP: 7/77 [??? (5)]
 20714 | D:13     | HP: 8/77 [??? (5)]
 20721 | D:13     | HP: 6/77 [??? (4)]
 20726 | D:13     | HP: 3/77 [??? (1)]
 20735 | D:13     | HP: 6/77 [??? (4)]
 20741 | D:13     | HP: 8/77 [??? (5)]
 20748 | D:13     | HP: 6/77 [??? (3)]
 20753 | D:13     | HP: 4/77 [??? (2)]
 20758 | D:13     | HP: 5/77 [??? (2)]
 20768 | D:13     | HP: 8/77 [??? (6)]
 20775 | D:13     | HP: 7/77 [??? (5)]
 20781 | D:13     | HP: 8/77 [??? (5)]
 20786 | D:13     | HP: 6/77 [??? (3)]
 20791 | D:13     | HP: 5/77 [??? (2)]
 20797 | D:13     | HP: 7/77 [??? (4)]
 20798 | D:13     | HP: 3/77 [??? (1)]
 20805 | D:13     | HP: 7/77 [??? (4)]
 20811 | D:13     | HP: 6/77 [??? (3)]
 20819 | D:13     | HP: 7/77 [??? (4)]
 20825 | D:13     | HP: 8/77 [??? (6)]
 20831 | D:13     | HP: 5/77 [??? (2)]
 20838 | D:13     | HP: 6/77 [??? (3)]
 20845 | D:13     | HP: 5/77 [??? (3)]
 20859 | D:13     | HP: 10/77 [??? (7)]
 20864 | D:13     | HP: 5/77 [??? (2)]
 20869 | D:13     | HP: 5/77 [??? (2)]
 20877 | D:13     | HP: 7/77 [??? (5)]
 20883 | D:13     | HP: 5/77 [??? (2)]
 20889 | D:13     | HP: 5/77 [??? (2)]
 20899 | D:13     | HP: 8/77 [??? (5)]
 20907 | D:13     | HP: 8/77 [??? (5)]
 20914 | D:13     | HP: 6/77 [??? (4)]
 20919 | D:13     | HP: 6/77 [??? (3)]
 20924 | D:13     | HP: 6/77 [??? (3)]
 20932 | D:13     | HP: 6/77 [??? (4)]
 20936 | D:13     | 20936 ||| READING 2 scrolls of teleportation.
 20944 | D:13     | 20944 ||| READING scroll of teleportation.
 21027 | D:13     | HP: 14/77 [??? (11)]
 21105 | D:13     | HP: 14/77 [??? (12)]
 21116 | D:13     | HP: 15/77 [??? (12)]
 21123 | D:13     | HP: 12/77 [??? (10)]
 21130 | D:13     | HP: 11/77 [??? (9)]
 21135 | D:13     | HP: 7/77 [??? (5)]
 21147 | D:13     | HP: 10/77 [??? (7)]
 21153 | D:13     | HP: 7/77 [??? (4)]
 21158 | D:13     | HP: 8/77 [??? (5)]
 21163 | D:13     | HP: 6/77 [??? (3)]
 21183 | D:13     | HP: 16/77 [??? (13)]
 21192 | D:13     | HP: 14/77 [??? (12)]
 21229 | D:13     | HP: 15/77 [??? (12)]
 21239 | D:13     | HP: 14/77 [??? (12)]
 21244 | D:13     | HP: 11/77 [??? (9)]
 21253 | D:13     | HP: 12/77 [??? (9)]
 21259 | D:13     | HP: 11/77 [??? (8)]
 21276 | D:13     | HP: 12/77 [??? (9)]
 21286 | D:13     | HP: 10/77 [??? (7)]
 21303 | D:13     | HP: 16/77 [??? (13)]
 21323 | D:13     | HP: 16/77 [??? (14)]
 21326 | D:13     | HP: 7/77 [??? (4)]
 21341 | D:13     | HP: 11/77 [??? (9)]
 21351 | D:13     | HP: 8/77 [??? (5)]
 21360 | D:13     | HP: 8/77 [??? (5)]
 21365 | D:13     | HP: 5/77 [??? (3)]
 21372 | D:13     | HP: 8/77 [??? (5)]
 21381 | D:13     | HP: 7/77 [??? (4)]
 21406 | D:13     | HP: 17/77 [??? (14)]
 21413 | D:13     | HP: 14/77 [??? (11)]
 21419 | D:13     | HP: 8/77 [??? (5)]
 21425 | D:13     | HP: 9/77 [??? (6)]
 21432 | D:13     | HP: 7/77 [??? (4)]
 21437 | D:13     | HP: 6/77 [??? (4)]
 21442 | D:13     | HP: 5/77 [??? (2)]
 21459 | D:13     | HP: 13/77 [??? (11)]
 21465 | D:13     | HP: 11/77 [??? (8)]
 21470 | D:13     | HP: 5/77 [??? (2)]
 21480 | D:13     | HP: 7/77 [??? (5)]
 21486 | D:13     | HP: 6/77 [??? (3)]
 21494 | D:13     | HP: 9/77 [??? (6)]
 21503 | D:13     | HP: 7/77 [??? (5)]
 21519 | D:13     | HP: 14/77 [??? (11)]
 21521 | D:13     | HP: 6/77 [??? (4)]
 21529 | D:13     | HP: 9/77 [??? (6)]
 21540 | D:13     | HP: 8/77 [??? (6)]
 21553 | D:13     | HP: 13/77 [??? (10)]
 21568 | D:13     | HP: 16/77 [??? (14)]
 21573 | D:13     | HP: 8/77 [??? (5)]
 21581 | D:13     | HP: 6/77 [??? (4)]
 21592 | D:13     | HP: 11/77 [??? (8)]
 21593 | D:13     | HP: 5/77 [??? (2)]
 21598 | D:13     | HP: 6/77 [??? (4)]
 21604 | D:13     | HP: 8/77 [??? (5)]
 21613 | D:13     | HP: 8/77 [??? (5)]
 21622 | D:13     | HP: 8/77 [??? (5)]
 21631 | D:13     | HP: 7/77 [??? (4)]
 21638 | D:13     | HP: 6/77 [??? (3)]
 21651 | D:13     | HP: 12/77 [??? (9)]
 21659 | D:13     | HP: 12/77 [??? (9)]
 21701 | D:13     | HP: 19/77 [??? (17)]
 21709 | D:13     | HP: 10/77 [??? (8)]
 21714 | D:13     | HP: 5/77 [??? (2)]
 21722 | D:13     | HP: 8/77 [??? (6)]
 21734 | D:13     | HP: 10/77 [??? (7)]
 21744 | D:13     | HP: 8/77 [??? (5)]
 21750 | D:13     | HP: 7/77 [??? (4)]
 21765 | D:13     | HP: 11/77 [??? (8)]
 21770 | D:13     | HP: 7/77 [??? (5)]
 21784 | D:13     | HP: 10/77 [??? (8)]
 21791 | D:13     | HP: 10/77 [??? (8)]
 21803 | D:13     | HP: 10/77 [??? (8)]
 21813 | D:13     | HP: 9/77 [??? (7)]
 21819 | D:13     | HP: 5/77 [??? (2)]
 21825 | D:13     | HP: 6/77 [??? (3)]
 21833 | D:13     | HP: 9/77 [??? (6)]
 21839 | D:13     | HP: 5/77 [??? (3)]
 21846 | D:13     | HP: 8/77 [??? (5)]
 21853 | D:13     | HP: 7/77 [??? (4)]
 21862 | D:13     | HP: 8/77 [??? (5)]
 21868 | D:13     | HP: 5/77 [??? (3)]
 21873 | D:13     | HP: 6/77 [??? (4)]
 21880 | D:13     | HP: 6/77 [??? (3)]
 21888 | D:13     | HP: 8/77 [??? (5)]
 21894 | D:13     | HP: 7/77 [??? (5)]
 21911 | D:13     | HP: 14/77 [??? (12)]
 21914 | D:13     | HP: 6/77 [??? (4)]
 21923 | D:13     | HP: 6/77 [??? (4)]
 21936 | D:13     | HP: 12/77 [??? (9)]
 21944 | D:13     | HP: 9/77 [??? (6)]
 21952 | D:13     | HP: 10/77 [??? (8)]
 21966 | D:13     | HP: 14/77 [??? (12)]
 21975 | D:13     | HP: 9/77 [??? (7)]
 21989 | D:13     | HP: 13/77 [??? (11)]
 21994 | D:13     | HP: 11/77 [??? (8)]
 22019 | D:13     | HP: 18/77 [??? (16)]
 22026 | D:13     | HP: 9/77 [??? (7)]
 22048 | D:13     | HP: 18/77 [??? (15)]
 22060 | D:13     | HP: 12/77 [??? (10)]
 22075 | D:13     | HP: 13/77 [??? (10)]
 22094 | D:13     | HP: 18/77 [??? (16)]
 22100 | D:13     | HP: 14/77 [??? (11)]
 22108 | D:13     | HP: 8/77 [??? (5)]
 22120 | D:13     | HP: 12/77 [??? (9)]
 22132 | D:13     | HP: 11/77 [??? (8)]
 22138 | D:13     | HP: 6/77 [??? (4)]
 22151 | D:13     | HP: 9/77 [??? (6)]
 22157 | D:13     | HP: 9/77 [??? (6)]
 22170 | D:13     | HP: 13/77 [??? (11)]
 22180 | D:13     | HP: 13/77 [??? (11)]
 22186 | D:13     | HP: 6/77 [??? (3)]
 22195 | D:13     | HP: 8/77 [??? (6)]
 22202 | D:13     | HP: 8/77 [??? (5)]
 22215 | D:13     | HP: 12/77 [??? (10)]
 22220 | D:13     | HP: 10/77 [??? (8)]
 22226 | D:13     | HP: 10/77 [??? (7)]
 22246 | D:13     | HP: 13/77 [??? (11)]
 22265 | D:13     | HP: 18/77 [mirror damage (6)]
 22267 | D:13     | HP: 1/77 [mirror damage (8)]
 22269 | D:13     | Killed by mirror damage

Levels and vault maps discovered:
D:1:      lemuel_arrival_tunnels, layout_basic, dk_noncrumbling_4
D:2:      layout_loops_cross
D:3:      layout_basic, lemuel_round_altar
D:4:      layout_rooms, nicolae_ossuary_entry_ruins, serial_shops,
          nicolae_shop_mannequins, nicolae_square_shop,
          nicolae_shop_hallway_plus, grunt_decor_junction
D:5:      layout_rooms, minmay_temple_entry_drinking_statues,
          portal_sewer_entry_f, kennysheep_flooded_box, uniq_sigmund
D:6:      layout_basic, mainiacjoe_overflow_catwalk_spiral, serial_shops,
          nicolae_shop_tiny_waterfront, hangedman_decor_clover_reticule,
          minmay_misc_feat_nine_boxes, uniq_maggie
D:7:      layout_rooms
D:8:      layout_gridville
D:9:      cheibrodos_elevator_heist, layout_gridville, erik_lair_island,
          gammafunk_ghost_necromancy, uniq_pikel
D:10:     layout_layer_cave, evilmike_ruin_ashenzari, uniq_amaemon
D:11:     layout_loops_ring, orc_0_dummy
D:12:     layout_basic, uniq_rupert
D:13:     cheibrodos_tormentor_scu, layout_basic, david_vaults_4, serial_shops,
          kennysheep_mini
Temple:   nicolae_temple_bog_church
Lair:1:   layout_roguey, st_stairs_10, grunt_megastairs_5
Lair:2:   nzn_winding_woodlands_three_and_one
          [nzn_winding_woodlands_5x15_longhouse,
          nzn_winding_woodlands_5x15_concentric,
          nzn_winding_woodlands_5x15_parted,
          nzn_winding_woodlands_center_triple_pond], layout_cave_shapes,
          mainiacjoe_shoals_entry_four_pools, guppyfry_snake_entry_garden
Lair:3:   layout_gridlike, portal_ice_cave_entry_pillars_2
Lair:4:   layout_hall_layers, gauntlet_entry_generic, amcnicky_mini_pool_medium,
          infiniplex_staircase_pool_2
Lair:5:   hangedman_lair_tendril_chambers, layout_small_grid, wormcave,
          slime_entry_2, gammafunk_ghost_cemetery, worms_lemuel,
          lemuel_fruit_tree

Skill      XL: |  1  2  3  4  5  6  7  8  9 10 11 12 13 14 |
---------------+-------------------------------------------+-----
Dodging        | 3 4 5 6 7 8 11 12 13 16 19 22 | 22.0
Ranged Weapons | 5 6 7 8 9 10 12 13 14 15 16 | 16.0
Fighting       | 2 3 4 5 6 8 |  8.2
Invocations    | 4 7 10 | 10.0
Armour         | 1 |  1.1
Stealth        | |  1.5

Action                     |  1- 3 |  4- 6 |  7- 9 | 10-12 | 13-15 || total
---------------------------+-------+-------+-------+-------+-------++-------
   Fire: Shortbow          |    81 |   152 |   462 |   669 |       ||  1364
         Orcbow            |       |       |       |   291 |   948 ||  1239
 Invoke: Heroism           |       |       |     2 |       |     2 ||     4
         Finesse           |       |       |       |     4 |     8 ||    12
         Receive Weapon    |       |       |       |     1 |       ||     1
         Receive Armour    |       |       |       |     1 |       ||     1
  Evoke: Wand              |       |       |     2 |       |     7 ||     9
    Use: Scroll            |     9 |     8 |     3 |     6 |    19 ||    45
         Potion            |       |       |       |     2 |     3 ||     5
 Armour: Robe              |     2 |    36 |    57 |   123 |    49 ||   267
         Troll leather arm |       |       |       |       |     8 ||     8
  Dodge: Dodged            |     9 |   160 |   322 |   684 |   353 ||  1528
         Repelled          |       |       |     3 |     2 |       ||     5

Table legend:
 A = Non-vault XP
 B = Vault XP
 C = Vault XP percentage of total XP
 D = Non-vault monster count
 E = Vault monster count
 F = Vault count percentage of total count
                 A         B        C        D         E       F
            +---------+---------+-------+---------+---------+-------
      Total |   68760 |   35148 |  33.8 |     405 |     187 |  31.6
            +---------+---------+-------+---------+---------+-------
        D:1 |      29 |       0 |   0.0 |      20 |       0 |   0.0
        D:2 |      23 |       0 |   0.0 |       7 |       0 |   0.0
        D:3 |      71 |       0 |   0.0 |      14 |       0 |   0.0
        D:4 |     162 |       0 |   0.0 |      22 |       0 |   0.0
        D:5 |     442 |     249 |  36.0 |      12 |       6 |  33.3
        D:6 |     917 |     385 |  29.6 |      19 |       1 |   5.0
        D:7 |     548 |       0 |   0.0 |       9 |       0 |   0.0
        D:8 |    2683 |       0 |   0.0 |      37 |       0 |   0.0
        D:9 |    3246 |    2635 |  44.8 |      31 |      15 |  32.6
       D:10 |    2512 |    1190 |  32.1 |      23 |       2 |   8.0
       D:11 |    4449 |       0 |   0.0 |      30 |       0 |   0.0
       D:12 |    2722 |    1887 |  40.9 |      10 |       1 |   9.1
       D:13 |    9155 |    4128 |  31.1 |      23 |       9 |  28.1
     Lair:1 |    6660 |    1262 |  15.9 |      31 |       7 |  18.4
     Lair:2 |    7524 |    6827 |  47.6 |      29 |      21 |  42.0
     Lair:3 |   12420 |       0 |   0.0 |      43 |       0 |   0.0
     Lair:4 |    4921 |    1504 |  23.4 |      18 |       4 |  18.2
     Lair:5 |   10276 |   11216 |  52.2 |      27 |      42 |  60.9
      Sewer |       0 |     259 | 100.0 |       0 |      47 | 100.0
    Ossuary |       0 |     201 | 100.0 |       0 |      16 | 100.0
   Gauntlet |       0 |    3405 | 100.0 |       0 |      16 | 100.0
            +---------+---------+-------+---------+---------+-------
